 Dungeon Crawl Stone Soup version 0.23.0 (webtiles) character file.

Game seed: 5063346451454693062

11390 Jatast the Spear-Bearer (level 11, -3/104 HPs)
             Began as a Deep Dwarf Fighter on Feb 16, 2019.
             Was a Priest of Makhleb.
             Slain by a spiny frog (12 damage)
             ... on level 1 of the Lair of Beasts.
             The game lasted 00:34:01 (9217 turns).

Jatast the Spear-Bearer (Deep Dwarf Fighter)        Turns: 9217, Time: 00:34:02

Health: -3/104     AC: 14    Str: 22    XL:     11   Next: 48%
Magic:  3/3        EV:  3    Int: 10    God:    Makhleb [***...]
Gold:   679        SH: 12    Dex: 12    Spells: 9/10 levels left

rFire    . . .     SeeInvis .   a - +1 trident
rCold    + . .     Gourm    .   A - +2 shield
rNeg     + . .     Faith    .   y - +2 plate armour {rC+}
rPois    +         Spirit   .   (no helmet)
rElec    .         Reflect  .   (no cloak)
rCorr    .         Harm     .   b - +0 pair of gloves
MR       +....                  v - +0 pair of boots
Stlth    ..........             (no amulet)
HPRegen  0.00/turn              k - ring of poison resistance
MPRegen  0.08/turn              u - ring of positive energy

@: non-regenerating, very heavily drained
A: damage resistance, heal wounds, sense surroundings 2, no regeneration
a: Heal Wounds, Minor Destruction, Lesser Servant of Makhleb, Renounce Religion


You were on level 1 of the Lair of Beasts.
You worshipped Makhleb.
Makhleb was most pleased with you.
You were not hungry.

You visited 3 branches of the dungeon, and saw 13 of its levels.

You collected 679 gold pieces.

Inventory:

Hand Weapons
 a - a +1 trident (weapon)
Missiles
 w - a throwing net (quivered)
Armour
 b - a +0 pair of gloves (worn)
 v - a +0 pair of boots (worn)
 y - a +2 plate armour of cold resistance (worn)
 A - a +2 shield (worn)
Jewellery
 k - a ring of poison resistance (left hand)
 u - a ring of positive energy (right hand)
Wands
 C - a wand of enslavement (11)
Scrolls
 g - 5 scrolls of remove curse
 m - a scroll of fog
 o - 5 scrolls of identify
 q - 6 scrolls of teleportation
 x - a scroll of enchant weapon
Potions
 c - a potion of magic
 d - 3 potions of might
 e - 4 potions of curing
 h - 2 potions of berserk rage
 j - a potion of haste
 l - 2 potions of cancellation
 n - a potion of agility
 p - 2 potions of brilliance
 r - 2 potions of mutation
 s - 4 potions of heal wounds
 t - a potion of resistance
 z - 3 potions of flight
 B - a potion of lignification
Comestibles
 f - 23 rations
 i - a chunk of flesh


   Skills:
 + Level 8.6(4.9) Fighting
 * Level 11.4(7.5) Polearms
 - Level 3.2(0.1) Armour
 + Level 7.9(4.3) Shields
 + Level 10.2(6.4) Invocations


You had 9 spell levels left.
You knew the following spells:

 Your Spells              Type           Power        Failure   Level  Hunger
a - Confusing Touch       Hex            #.....       100%        1    ##.....

Your spell library contained the following spells:

 Spells                   Type           Power        Failure   Level  Hunger
 Animate Skeleton         Necr           N/A          100%        1    ##.....
 Apportation              Tloc           #.....       100%        1    ##.....
 Corona                   Hex            #......      100%        1    ##.....
 Summon Small Mammal      Summ           #...         100%        1    ##.....
 Ensorcelled Hibernation  Hex/Ice        #.....       100%        2    ###....
 Confuse                  Hex            #.......     100%        3    ####...
 Dazzling Spray           Conj/Hex       #.....       100%        3    ####...
 Recall                   Summ/Tloc      N/A          100%        3    ####...
 Tukima's Dance           Hex            #.......     100%        3    ####...
 Aura of Abjuration       Summ           #.........   100%        5    ######.
 Summon Demon             Summ           #.........   100%        5    ######.
 Summon Forest            Summ/Tloc      #.........   100%        5    ######.
 Summon Mana Viper        Hex/Summ       #.......     100%        5    ######.
 Shadow Creatures         Summ           N/A          100%        6    #######


Dungeon Overview and Level Annotations

Branches:
Dungeon (11/15)            Temple (1/1) D:4            Lair (1/6) D:9
    Orc (0/2) D:10

Altars:
Ashenzari
Cheibriados
Dithmenos
Elyvilon
Fedhas
Gozag
Hepliaklqana
Kikubaaqudgha
Makhleb
Nemelex Xobeh
Okawaru
Qazlal
Ru
Sif Muna
Trog
Uskayaw
Vehumet
Wu Jian
Xom
Yredelemnul
Zin
The Shining One
Jiyva

Shops:
D:4 }   D:5 =%

Annotations:
D:9 exclusion: 3 doors
D:10 Sonja


Innate Abilities, Weirdness & Mutations

You are resistant to damage.
You can heal yourself by infusing magical energy.
You passively map the area around you.
You do not regenerate.


Message History

You hit the spiny frog.
The spiny frog is heavily wounded.
The spiny frog stings you! The crocodile bites you!
You hit the spiny frog.
The spiny frog is heavily wounded.
The spiny frog stings you!
* * * LOW HITPOINT WARNING * * *
The crocodile bites you but does no damage.
The spiny frog stings you but does no damage.
You hit the spiny frog.
The spiny frog is heavily wounded.
The crocodile bites you.
* * * LOW HITPOINT WARNING * * *
The spiny frog stings you!!
* * * LOW HITPOINT WARNING * * *
Your shield and plate armour prevent you from hitting the spiny frog.
The spiny frog is heavily wounded.
The crocodile bites you. You block the spiny frog's attack.
You fail to use your ability.
The spiny frog stings you!
You die...

###............>.# ,,
#...........#...# * , ,
, ## #............#..##
, ,
.####...........#.... *
+ ..##................##
* * ,
..####..........##...# *
, ,
...##............#....#*
, ,,,*,
...###...........##...#
* ...####.........@t# ,
** ,
....###).........F.#, ,
.....#.............# , *
.....#.#.............⌠,
,* ,
....#..##..........#..,
,,*
....#.####...######....⌠
...#..# ##### #.... ,,
...#.P# * ,.... , *
......# **, , * ,


You could see a spiny frog and a crocodile.

Vanquished Creatures
  3 death yaks (D:9)
  3 two-headed ogres (D:9)
  Nergalle (D:10)
  2 spiny frogs (Lair:1)
  3 hippogriffs
  Eustachio (D:6)
  A vampire (D:10)
  2 wyverns
  A human (D:8)
  6 yaks
  3 hogs (D:8)
  2 hungry ghosts
  Edmund (D:6)
  A porcupine (Lair:1)
  Duvessa (D:6)
  5 orc warriors
  2 sky beasts (D:8)
  An ogre (D:5)
  A necrophage (D:10)
  2 centaurs (D:10)
  A bullfrog (D:10)
  Dowan (D:6)
  2 scorpions
  3 killer bees (D:9)
  13 wights
  6 howler monkeys
  A crimson imp (D:10)
  A centaur zombie (D:6)
  A bullfrog zombie (D:7)
  5 jellies
  3 orc priests
  2 bullfrog skeletons
  4 hounds
  2 centaur skeletons
  A gnoll shaman (D:4)
  6 orc wizards
  3 iguanas
  Ijyb (D:5)
  5 worker ants
  2 hound skeletons
  A worker ant zombie (D:9)
  8 gnolls (D:5)
  7 adders
  A shadow imp (D:6)
  4 worms
  4 dart slugs
  3 leopard geckos
  22 orcs
  6 bats
  5 giant cockroaches
  7 goblins
  3 hobgoblins
  9 jackals
  3 quokkas
  6 frilled lizards
  A kobold (D:1)
  10 rats
205 creatures vanquished.

Notes
Turn   | Place    | Note
-------+----------+-------------------------------------------
     0 | D:1      | Jatast the Deep Dwarf Fighter began the quest for the Orb.
     0 | D:1      | Reached XP level 1. HP: 20/20 MP: 1/1
    54 | D:1      | Reached skill level 2 in Polearms
   305 | D:1      | Reached XP level 2. HP: 27/27 MP: 2/2
   833 | D:2      | Reached XP level 3. HP: 31/34 MP: 3/3
  1077 | D:3      | Reached skill level 3 in Polearms
  1278 | D:3      | Found a stormy altar of Qazlal.
  1326 | D:3      | Noticed a hungry ghost
  1361 | D:3      | Killed a hungry ghost
  1361 | D:3      | Reached skill level 4 in Polearms
  1361 | D:3      | Reached XP level 4. HP: 30/44 MP: 4/4
  1361 | D:3      | Reached XP level 5. HP: 34/50 MP: 5/5
  1529 | D:3      | Found a shadowy altar of Dithmenos.
  1861 | D:4      | Reached XP level 6. HP: 33/57 MP: 6/6
  1944 | D:4      | Reached skill level 5 in Polearms
  2042 | D:4      | Found a staircase to the Ecumenical Temple.
  2056 | Temple   | Entered the Ecumenical Temple
  2283 | Temple   | Became a worshipper of Makhleb the Destroyer
  2414 | D:4      | Found Qoetiteu's Gadget Shoppe.
  2635 | D:5      | Entered Level 5 of the Dungeon
  2718 | D:5      | Noticed Ijyb
  2721 | D:5      | Reached skill level 1 in Invocations
  2733 | D:5      | Paralysed by Ijyb for 5 turns
  2742 | D:5      | Killed Ijyb
  2742 | D:5      | Reached XP level 7. HP: 42/66 MP: 8/8
  2743 | D:5      | Found an iron altar of Okawaru.
  2830 | D:5      | Found Ceonk's Food Emporium.
  2917 | D:5      | Reached skill level 6 in Polearms
  3010 | D:5      | Found Xotouf's Jewellery Emporium.
  3260 | D:6      | Reached skill level 5 in Fighting
  3285 | D:6      | Reached * piety under Makhleb
  3381 | D:6      | Noticed Edmund
  3401 | D:5      | Reached XP level 8. HP: 43/74 MP: 7/9
  3532 | D:6      | Noticed Dowan
  3563 | D:6      | Reached skill level 7 in Polearms
  3612 | D:6      | Noticed Duvessa
  3689 | D:6      | Killed Duvessa
  3791 | D:6      | Killed Dowan
  3943 | D:6      | Killed Edmund
  3943 | D:6      | Reached skill level 5 in Invocations
  3974 | D:6      | Noticed Eustachio
  4039 | D:6      | Killed Eustachio
  4039 | D:6      | Reached skill level 8 in Polearms
  4099 | D:6      | Found a white marble altar of Elyvilon.
  4101 | D:6      | Found an ornate altar of the Wu Jian Council.
  4104 | D:6      | Found a deep blue altar of Sif Muna.
  5494 | D:8      | Gained mutation: You passively map the area around you.
                  | [Deep Dwarf growth]
  5494 | D:8      | Reached XP level 9. HP: 65/82 MP: 11/11
  5916 | D:8      | Found a shattered altar of Ashenzari.
  6203 | D:8      | Reached skill level 9 in Polearms
  6341 | D:9      | Noticed a death yak
  6365 | D:9      | Noticed a two-headed ogre
  6412 | D:9      | Killed a two-headed ogre
  6412 | D:9      | Reached skill level 5 in Shields
  6473 | D:9      | Reached XP level 10. HP: 77/94 MP: 12/12
  6504 | D:9      | Found a viscous altar of Jiyva.
  6523 | D:9      | Reached ** piety under Makhleb
  6674 | D:9      | Noticed a two-headed ogre
  6701 | D:9      | Killed a two-headed ogre
  6721 | D:9      | You fall through a shaft!
  6721 | D:10     | Entered Level 10 of the Dungeon
  6721 | D:10     | Found a staircase to the Orcish Mines.
  6740 | D:10     | Noticed Sonja
  6860 | D:9      | Noticed a two-headed ogre
  6886 | D:9      | Killed a two-headed ogre
  6886 | D:9      | Reached skill level 10 in Polearms
  7191 | D:9      | Found a staircase to the Lair.
  7192 | D:9      | Noticed a death yak
  7192 | D:9      | Noticed a death yak
  7961 | D:10     | Noticed Nergalle
  8021 | D:10     | Killed Nergalle
  8312 | D:10     | Reached XP level 11. HP: 64/102 MP: 8/8
  8336 | D:10     | Found a bloodstained altar of Trog.
  8666 | D:11     | Noticed a green ugly thing
  8698 | D:10     | Reached *** piety under Makhleb
  8817 | D:9      | Killed a death yak
  8817 | D:9      | Reached skill level 11 in Polearms
  8834 | D:9      | Killed a death yak
  8847 | D:9      | Killed a death yak
  8847 | D:9      | Reached skill level 10 in Invocations
  8950 | Lair:1   | Entered Level 1 of the Lair of Beasts
  9161 | Lair:1   | Learned a level 1 spell: Confusing Touch
  9217 | Lair:1   | Slain by a spiny frog

Skill      XL: |  1  2  3  4  5  6  7  8  9 10 11 |
---------------+----------------------------------+-----
Polearms       | 2 4 5 6 8 9 10 11 | 11.4
Fighting       | 3 4 5 6 7 8 |  8.6
Invocations    | 1 4 6 7 9 10 | 10.2
Shields        | 5 7 |  7.9
Armour         | |  3.2

Action                   |  1- 3 |  4- 6 |  7- 9 | 10-12 || total
-------------------------+-------+-------+-------+-------++-------
Melee: Trident           |   130 |   111 |   633 |   652 ||  1526
Invok: Minor Destruction |       |       |       |    25 ||    25
 Abil: Heal Wounds       |       |     3 |    12 |    37 ||    52
Evoke: Wand              |       |       |     6 |     1 ||     7
  Use: Scroll            |       |    12 |     4 |     7 ||    23
       Potion            |       |       |       |     4 ||     4
 Stab: Paralysed         |       |       |     2 |       ||     2
  Eat: Chunk             |     9 |     6 |    13 |    16 ||    44
Armor: Scale mail        |    36 |    25 |    34 |       ||    95
       Plate armour      |       |       |   226 |   374 ||   600
Dodge: Dodged            |    21 |    19 |    82 |    93 ||   215
Block: Shield            |    49 |    36 |   229 |   360 ||   674
